Map: Para Site LE

Players

Haspe

  • Race: Terran Terran
  • League: Master
  • Spawn Location: 5:00

Serral - Winner!

  • Race: Terran Terran
  • League: Master
  • Spawn Location: 11:00

VOD

Have the link to the VOD?

Description

Time

  • Played on: Dec. 3, 2018, 12:35 p.m.
  • Length: 4:33
Show
View Real Time Build Order
Export as new Build Order

Haspe Terran 

Build Orders:  

Get SALT Encoding   

  12  0:00  SCV  
  13  0:14  Supply Depot  
  13  0:18  SCV  
  14  0:30  SCV  
  15  0:38  Barracks  
  15  0:45  Refinery  
  15  0:57  Barracks  
  15  1:02  SCV  
  16  1:10  Refinery  
  16  1:14  SCV  
  17  1:25  Barracks Tech Lab  
  17  1:34  Orbital Command  
  17  1:44  Marauder  
  19  1:50  Barracks Tech Lab  
  19  1:53  Concussive Shells  
  19  2:04  Supply Depot  
  19  2:10  Marauder  
  19  2:15  Marauder  
  23  2:22  Supply Depot  
  27  2:44  Marauder x2  
  27  2:45  SCV  
  30  3:05  Marauder x2  
  24  3:27  Marauder x2  
  25  3:48  Marauder x2  
  25  4:10  Marauder  
Show
View Real Time Build Order
Export as new Build Order

Serral Terran - Winner!

Build Orders: Cyclone Opening 

Get SALT Encoding   

  12  0:00  SCV  
  13  0:12  SCV  
  14  0:17  Supply Depot  
  14  0:24  SCV  
  14  0:27  Refinery  
  15  0:38  SCV  
  16  0:43  Barracks  
  16  0:50  SCV  
  17  1:03  SCV  
  18  1:15  SCV  
  19  1:30  Marine, Orbital Command  
  19  1:31  Factory  
  20  1:37  Supply Depot  
  20  1:49  Reaper  
  21  1:56  SCV  
  22  2:08  SCV  
  23  2:11  Command Center  
  23  2:15  Factory Tech Lab  
  23  2:20  Refinery, SCV  
  24  2:26  Supply Depot  
  24  2:35  Cyclone  
  27  2:43  SCV  
  28  2:44  Marine  
  28  2:49  Supply Depot  
  29  2:55  SCV  
  27  3:07  Cyclone  
  27  3:10  SCV  
  26  3:22  SCV  
  26  3:23  Marine  
  23  3:39  Cyclone  
  24  3:46  Marine  
  23  3:58  Orbital Command  
  22  4:03  SCV  
  23  4:15  SCV  
Tags
 
Matchup
TvT
Player
Serral
Race
Terran
Replay Pack
Finnish V8
Spawn Locations
Cross Positions
Add a new tag
Caveats
  • Supply blocks, unpowered buildings, or Contaminate may cause inaccurate times.
  • Supply counts are checked every 10 seconds.